 Dungeon Crawl Stone Soup version 0.18-a0-1485-g189885c (webtiles) character file.

39 Kidiri the Skirmisher (level 3, -2/29 HPs)
             Began as a Demonspawn Chaos Knight on Mar 3, 2016.
             Slain by Grinder (6 damage)
             ... on level 3 of the Dungeon.
             The game lasted 00:03:03 (1186 turns).

Kidiri the Skirmisher (Demonspawn Chaos Knight)     Turns: 1186, Time: 00:03:03

Health: -2/29      AC:  5    Str: 13    XL:     3   Next: 28%
Magic:  3/3        EV: 11    Int: 13    God:    Xom [..*...]
Gold:   142        SH:  0    Dex: 14    Spells: 0 memorised, 2 levels left

rFire  . . .     SeeInvis .     a - +0 falchion (chaos)
rCold  . . .     Gourm    .     b - +2 leather armour
rNeg   . . .     Faith    .     (no shield)
rPois  .         Spirit   .     (no helmet)
rElec  .         Dismiss  .     (no cloak)
rCorr  .         Reflect  .     (no gloves)
SustAt .         Harm     .     (no boots)
MR     .....                    (no amulet)
Stlth  +.........               (no ring)
                                (no ring)

@: about to teleport, not resistant to hostile enchantments, very unstealthy
A: hooves 1, thin skeletal structure 1
a: Renounce Religion


You were on level 3 of the Dungeon.
You worshipped Xom.
You were a toy of Xom.
You were not hungry.

You visited 1 branch of the dungeon, and saw 3 of its levels.

You collected 142 gold pieces.

Inventory:

Hand Weapons
 a - a +0 falchion of chaos (weapon)
Missiles
 i - 93 stones (quivered)
Armour
 b - a +2 leather armour (worn)
Wands
 m - a wand of lightning (8/15)
Scrolls
 d - a scroll of teleportation
 e - a scroll of recharging {unknown}
 j - a scroll of remove curse {unknown}
 k - a scroll of fog {unknown}
 l - a scroll of immolation {unknown}
 n - a scroll of identify
Potions
 g - a potion of lignification
 h - a potion of might
Comestibles
 c - 2 bread rations
 f - 3 chunks of flesh


   Skills:
 * Level 3.4 Fighting
 * Level 3.1 Long Blades
 + Level 0.8 Throwing
 * Level 2.0 Armour
 + Level 1.2 Dodging


You had 2 spell levels left.
You didn't know any spells.

Dungeon Overview and Level Annotations

Branches:
Dungeon (2/15)

Altars:
Vehumet

Annotations:
D:3 Grinder


Innate Abilities, Weirdness & Mutations

You have large cloven feet.
You have a somewhat thin skeletal structure (Dex +2, Stealth).


Message History

Grinder gestures at you. Pain shoots through your body!
A shower of butterflies erupts from you!
You hit Grinder.
Grinder is moderately wounded.
The hobgoblin closely misses your butterfly.
Grinder hits you.
You writhe in agony.
* * * LOW HITPOINT WARNING * * *
You are too injured to fight recklessly!
Unknown command.
Drink which item? (? for menu, Esc to quit)
Okay, then.
Unknown command.
Read which item? (? for menu, Esc to quit)
As you read the scroll of teleportation, it crumbles to dust.
You feel strangely unstable.
The hobgoblin completely misses your butterfly.
Grinder hits you.
You die...
Xom roars with laughter!

#.# #.#
#.# #.#
#.# #b#
#b#
.#######b#
...ggb5@.#
.#########


You could see Grinder and 2 hobgoblins.

Vanquished Creatures
  2 oozes
  5 bats (D:1)
  A giant cockroach (D:1)
  7 goblins
  4 hobgoblins (D:1)
  2 jackals (D:3)
  A quokka (D:2)
  4 giant newts
  A kobold (D:1)
  A rat (D:1)
28 creatures vanquished.

Notes
Turn   | Place    | Note
--------------------------------------------------------------
     0 | D:1      | Kidiri the Demonspawn Chaos Knight began the quest for the Orb.
     0 | D:1      | Reached XP level 1. HP: 18/18 MP: 1/1
   102 | D:1      | Reached skill level 1 in Dodging
   102 | D:1      | Gained mutation: You have a somewhat thin skeletal structure (Dex +2, Stealth). [demonic ancestry]
   102 | D:1      | Reached XP level 2. HP: 20/24 MP: 2/2
   256 | D:1      | XOM: harmless Tloc miscast
   464 | D:1      | XOM: cast spell 'Spider Form'
   502 | D:1      | XOM: divination: magic mapping
   760 | D:1      | Gained mutation: You have large cloven feet. [demonic ancestry]
   760 | D:1      | Reached XP level 3. HP: 29/29 MP: 3/3
  1005 | D:2      | You fall through a shaft!
  1005 | D:3      | Found a radiant altar of Vehumet.
  1182 | D:3      | Noticed Grinder
  1183 | D:3      | XOM: harmless Air miscast
  1184 | D:3      | XOM: butterfly on damage
  1186 | D:3      | Slain by Grinder

Vault maps used:
D:1:      scummos_arrival_star
D:2:      good_gods_temple_1, nrook_mini_vaults
D:3:      lemuel_round_altar, marbit_many_paths, cheibriados_altar_1,
          first_bread, uniq_grinder

Skill      XL: |  1  2 |
---------------+-------+-----
Dodging        | 1 |  1.2
Long Blades    | 3 |  3.1
Armour         | 2 |  2.0
Fighting       | |  3.4
Throwing       | |  0.8

Action                   || total
-------------------------++-------
Melee: Falchion          ||    96
Throw: Stone             ||     3
  Use: Scroll            ||     4
       Potion            ||     1
 Stab: Sleeping          ||     2
  Eat: Chunk             ||     1
